cohdb
Replays
Latest Replays
All Replays
Popular Replays
Top Player Replays
Match Explorer
How It Works
Community
CoH3 Stats
Reddit
Sign in to upload your games and track your stats! →
Sign in with Steam
Match 43807803
Unlisted
Match 43807803
Overview
Messages
Build Orders
End
Construct Infanterie Kompanie
MG 42 Machine Gun Team
GrW 34 Mortar Team
MG 42 Machine Gun Team
MG 42 Machine Gun Team
Construct Panzergrenadier Kompanie
Panzergrenadier Squad
Selects Luftwaffe Battlegroup
Selects Luftwaffe Pioneer Support
Fallschirmpioneer Squad Paradrop
Selects Flak 38 Anti-Air Emplacement
Fallschirmpioneer Squad Paradrop
Selects Stuka Strafing Run
Stuka Strafing Run
Stuka Strafing Run
Construct Panzer Kompanie
Fallschirmpioneer Squad Paradrop
Stuka Strafing Run
Sturmpanzer IV Brummbär
Stuka Strafing Run
Selects Fallschirmjäger Squad Paradrop
Selects Stuka Loiter
Stuka Loiter
Sturmpanzer IV Brummbär
Medical Station
Stuka Strafing Run
Fallschirmpioneer Squad Paradrop
Allawenchen
一剑开天门
陆军海战队
DrunkPoet
admiral_gnar
seedtown
核桃里的王
steven.chen0618
0
0
Comments
sign in to comment!
No comments posted yet!